 Dungeon Crawl Stone Soup version 0.28.0-53-g5a82cb258f (webtiles) character file.

Game seed: 2653759081848493222

65 ZappyNine the Skirmisher (level 4, -4/26 HPs)
             Began as a Vine Stalker Berserker on May 23, 2022.
             Was a Believer of Trog.
             Slain by a gnoll
             ... wielding a +0 club
              (6 damage)
             ... on level 1 of the Dungeon.
             The game lasted 00:01:59 (2244 turns).

ZappyNine the Skirmisher (Vine Stalker Berserker)   Turns: 2244, Time: 00:01:59

Health: -4/26      AC:  2    Str: 21    XL:     4   Next: 14%
Magic:  0/5        EV: 12    Int:  7    God:    Trog [**....]
Gold:   15         SH:  0    Dex: 14    Spells: 3/3 levels left

rFire   . . .      SeeInvis .   i - +2 dagger (speed)
rCold   . . .      Faith    .   (no shield)
rNeg    . . .      Spirit   +   b - +0 animal skin
rPois   .          Reflect  .   (no helmet)
rElec   .          Harm     .   (no cloak)
rCorr   .          Rampage  .   (no gloves)
Will    .....                   (no boots)
Stlth   +.........              (no amulet)
HPRegen 0.88/turn               (no ring)
MPRegen 0.09/turn               (no ring)

@: on berserk cooldown, slowed, very slow
A: fangs 2, regeneration 1, magic shield, antimagic bite, no potion heal 2
a: Renounce Religion, Berserk, Trog's Hand


You were on level 1 of the Dungeon.
You worshipped Trog.
Trog was pleased with you.
You visited 1 branch of the dungeon, and saw 2 of its levels.

You collected 15 gold pieces.

Inventory:

Hand Weapons
 a - a +0 mace
 i - a +2 dagger of speed (weapon)
Armour
 b - a +0 animal skin (worn)
Jewellery
 f - a ring of protection from cold
Scrolls
 d - 2 scrolls of teleportation {unknown}
 h - a scroll of holy word {unknown}
Potions
 e - a potion of haste {unknown}
 g - a potion of curing {unknown}


   Skills:
 + Level 4.3 Fighting
 - Level 2.6 Maces & Flails
 + Level 1.7 Armour
 + Level 1.6 Dodging


You had 3 spell levels left.
You didn't know any spells.
Your spell library was empty.

Dungeon Overview and Level Annotations

Branches:
Dungeon (2/15)

Altars:


Innate Abilities, Weirdness & Mutations

You have extremely sharp teeth.
Your natural rate of healing is unusually fast.
When hurt, damage is shared between your health and your magic reserves.
Your bite disrupts and absorbs the magic of your enemies.
Potions cannot restore your health.


Message History

You begin to heal more quickly. 2 jackals come into view.
The jackal barks! x2; You hear a bark!
You see here a +0 whip.
A gnoll comes into view. It is wielding a +0 halberd.
You feel a strong urge to attack something.
The gnoll shouts!
An adder comes into view.
The adder hisses angrily.
The gnoll barely misses you. The gnoll closely misses you. x2
You feel your anger nearly subside.
You are no longer berserk.
You are exhausted.
You feel yourself slow down. The gnoll hits you with a +0 halberd.
The adder bites you but does no damage. The gnoll barely misses you.
The adder bites you but does no damage.
The gnoll hits you from afar with a +0 halberd.
* * * LOW HITPOINT WARNING * * *
The gnoll hits you with a +0 club.
* * * LOW HITPOINT WARNING * * *
The gnoll barely misses you.
There is an escape hatch in the ceiling here.
The jackal misses you. The gnoll misses you.
The gnoll hits you from afar with a +0 spear.
* * * LOW HITPOINT WARNING * * *
The jackal bites you.
* * * LOW HITPOINT WARNING * * *
The gnoll barely misses you. A mysterious force pulls you upwards.
The hatch slams shut behind you.
Unknown command.
The gnoll completely misses you. The jackal misses you.
The gnoll closely misses you.
It was a potion of heal wounds.
That seemed strangely inert.
The jackal bites you.
* * * LOW HITPOINT WARNING * * *
The gnoll hits you with a +0 club.
* * * LOW HITPOINT WARNING * * *
The jackal barely misses you.
Unknown command.
The gnoll hits you with a +0 club.
You die...

........>..........#
#########..........#
#..............#
#..............#
#..............#
#####..............#
...................#
#########........g.#
#.......@h.#
#..........#
##'######### #.# #.#
##########.#
...........#
############


You could see a gnoll and a jackal.

Vanquished Creatures
  A gnoll (D:2)
  An adder (D:2)
  An adder zombie (D:2)
  A bat (D:1)
  A bat skeleton (D:2)
  8 endoplasms
  A giant cockroach (D:1)
  2 goblins
  7 hobgoblins
  3 quokkas
  5 ball pythons
  A ball python skeleton (D:2)
  2 frilled lizards (D:1)
  A kobold (D:1)
  5 rats
40 creatures vanquished.

Vanquished Creatures (others)
  2 withered plants (D:2)
2 creatures vanquished.

Grand Total: 42 creatures vanquished

Notes
Turn   | Place    | Note
-------+----------+-------------------------------------------
     0 | D:1      | ZappyNine the Vine Stalker Berserker began the quest for
                  | the Orb.
     0 | D:1      | Reached XP level 1. HP: 11/11 MP: 2/2
    51 | D:1      | Reached skill level 3 in Fighting
   163 | D:1      | Reached XP level 2. HP: 12/16 MP: 1/3
   928 | D:1      | Reached XP level 3. HP: 16/21 MP: 4/4
   931 | D:1      | Reached ** piety under Trog
  1620 | D:2      | Reached skill level 4 in Fighting
  2234 | D:2      | Gained mutation: Your natural rate of healing is unusually
                  | fast. [Vine Stalker growth]
  2234 | D:2      | Reached XP level 4. HP: 19/26 MP: 3/5
  2243 | D:1      | HP: 1/26 [gnoll/+0 club (5)]
  2244 | D:1      | Slain by a gnoll

Illustrated notes

Levels and vault maps discovered:
D:1:      heliophobic_arrival_ceremonial_halls, layout_basic
D:2:      layout_basic, serial_undead, serial_undead_c, serial_undead_d,
          serial_undead_c, serial_undead_c

Skill      XL: |  1  2  3 |
---------------+----------+-----
Fighting       | 3 4 |  4.3
Maces & Flails | |  2.6
Armour         | |  1.7
Dodging        | |  1.6

Action                   |  1- 3 |  4- 6 || total
-------------------------+-------+-------++-------
Melee: Mace              |    70 |       ||    70
       Bite              |    25 |       ||    25
       Punch             |     3 |       ||     3
       Dagger            |    22 |       ||    22
Invok: Berserk           |     2 |       ||     2
  Use: Potion            |       |     1 ||     1
 Stab: Sleeping          |     2 |       ||     2
Armor: Animal skin       |    15 |     2 ||    17
Dodge: Dodged            |    53 |    12 ||    65
